 Dungeon Crawl Stone Soup version 0.28-a0-906-g0406aca7d3 (webtiles) character file.

Game seed: 16940571720074023706

242693 devnull the Warrior (level 19, -17/177 HPs)
             Began as a Minotaur Abyssal Knight on Nov 20, 2021.
             Was the Champion of Lugonu.
             Shot with an arrow by a satyr (28 damage)
             ... on level 4 of the Shoals on Nov 24, 2021.
             The game lasted 02:47:56 (42174 turns).

devnull the Warrior (Minotaur Abyssal Knight)      Turns: 42174, Time: 02:47:56

Health: -17/177    AC: 21    Str: 37    XL:     19   Next: 43%
Magic:  23/26      EV: 16    Int:  5    God:    Lugonu [******]
Gold:   1860       SH:  0    Dex: 21    Spells: 18/18 levels left

rFire   + . .      SeeInvis .   b - +8 frozen axe "Frostbite" {freezing cloud, *Noise Fly rC+}
rCold   + + .      Faith    .   (shield currently unavailable)
rNeg    . . .      Spirit   .   s - +1 chain mail of Mezcal {-Tele Will+++ Str+7 Dex+2}
rPois   .          Reflect  .   (helmet restricted)
rElec   .          Harm     .   g - scarf {rC+ rF+}
rCorr   .          Rampage  .   u - +2 pair of gloves
Will    ++...      NoTele   +   R - +1 pair of boots
Stlth   +.........              (no amulet)
HPRegen 0.39/turn               Y - +6 ring of dexterity
MPRegen 0.20/turn               y - +6 ring of strength

@: weak-willed, flying, studying Ice Magic
A: horns 2, retaliatory headbutt, dopey 1, mutation resistance 1
a: Renounce Religion, Depart the Abyss, Bend Space, Banish, Corrupt, Enter the
Abyss, Brand Weapon With Distortion


You were on level 4 of the Shoals.
You worshipped Lugonu.
Lugonu was exalted by your worship.
You visited 6 branches of the dungeon, and saw 29 of its levels.
You visited the Abyss 1 time.
You also visited: Ossuary, Ice Cave and Volcano.

You collected 3510 gold pieces.
You spent 1650 gold pieces at shops.

Inventory:

Hand Weapons
 a - the +8 mithril axe "Arga" {speed, Will+}
   (You acquired it on level 3 of the Shoals)

   Attacks with this weapon are significantly faster.
   Will:      It increases your willpower.
 b - the +8 frozen axe "Frostbite" (weapon) {freezing cloud, *Noise Fly rC+}
   (You found it in an ice cave)

   It freezes those it strikes, dealing additional cold damage.
   It can also slow down cold-blooded creatures.
   It occasionally leaves clouds of freezing vapour upon striking a foe.
   It grants immunity to clouds of freezing vapour.
   rC:        It protects you from cold.
   Fly:       It grants you flight.
   *Noise:    It may make noises in combat.
 S - a +0 broad axe of flaming
Missiles
 v - 3 atropa-tipped darts
 C - 6 curare-tipped darts
 K - 103 poisoned darts
 T - 2 throwing nets
Armour
 g - a scarf of resistance (worn)
 h - a +0 kite shield {@W1 @T1}
 s - the +1 chain mail of Mezcal (worn) {-Tele Will+++ Str+7 Dex+2}
   (You found it on level 5 of the Dungeon)

   Str:       It affects your strength (+7).
   Dex:       It affects your dexterity (+2).
   -Tele:     It prevents most forms of teleportation.
   Will:      It greatly increases your willpower.
 u - a +2 pair of gloves (worn)
 R - a +1 pair of boots (worn)
Jewellery
 d - a ring of willpower
 f - a ring of positive energy
 i - the ring of Voagutodd {rC+ Int+6 SInv}
   (You found it on level 6 of the Lair of Beasts)

   [ring of intelligence]

   Int:       It affects your intelligence (+6).
   rC:        It protects you from cold.
   SInv:      It lets you see invisible.
 q - an amulet of reflection
 y - a +6 ring of strength (right hand)
 z - a +6 ring of dexterity
 B - an amulet of regeneration
 W - a ring of poison resistance
 Y - a +6 ring of dexterity (left hand)
Wands
 D - a wand of mindburst (28)
 E - a wand of paralysis (13)
 O - a wand of iceblast (12)
 P - a wand of acid (23)
 Q - a wand of digging (11)
 X - a wand of flame (13)
Scrolls
 e - 8 scrolls of fog
 j - 2 scrolls of holy word
 k - 6 scrolls of blinking
 o - 13 scrolls of teleportation
 p - 3 scrolls of enchant weapon
 w - 3 scrolls of silence
 F - 4 scrolls of magic mapping
 G - 6 scrolls of enchant armour
 H - 2 scrolls of brand weapon
 M - 3 scrolls of summoning
 U - 3 scrolls of fear
Potions
 c - 2 potions of ambrosia {unknown}
 l - 2 potions of invisibility
 m - 4 potions of degeneration
 n - 2 potions of magic
 r - 10 potions of curing
 t - a potion of cancellation
 x - 2 potions of resistance
 A - 5 potions of might
 I - 5 potions of flight
 L - 2 potions of lignification {unknown}
 V - 4 potions of attraction {unknown}
 Z - 3 potions of haste
Miscellaneous
 N - a box of beasts


   Skills:
 - Level 17.5 Fighting
 - Level 17.0 Axes
 + Level 12.2 Crossbows
 - Level 17.3 Armour
 - Level 10.0 Dodging
 - Level 7.5 Stealth
 - Level 15.0 Shields
 - Level 10.8 Invocations


You had 18 spell levels left.
You didn't know any spells.
Your spell library contained the following spells:

 Spells                   Type           Power      Damage    Failure   Level
 Ensorcelled Hibernation  Hex/Ice        0%         N/A       89%         2
 Sublimation of Blood     Necr           0%         N/A       89%         2
 Wereblood                Tmut           0%         N/A       89%         2
 Frozen Ramparts          Ice            0%         1d2       98%         3
 Stone Arrow              Conj/Erth      0%         3d7       98%         3
 Tukima's Dance           Hex            0%         N/A       98%         3
 Animate Armour           Summ/Erth      0%         N/A       100%        4
 Ice Form                 Ice/Tmut       0%         N/A       100%        4
 Passage of Golubria      Tloc           0%         N/A       100%        4
 Summon Ice Beast         Ice/Summ       0%         N/A       100%        4
 Iskenderun's Battlesphe  Conj           0%         2d6       100%        5
 Yara's Violent Unravell  Hex/Tmut       0%         3d3       100%        5
 Iron Shot                Conj/Erth      0%         9d1       100%        6
 Malign Gateway           Summ/Tloc      0%         N/A       100%        7
 Spellforged Servitor     Conj/Summ      0%         N/A       100%        7
 Summon Hydra             Summ           0%         N/A       100%        7
 Lehudib's Crystal Spear  Conj/Erth      0%         10d2      100%        8
 Summon Horrible Things   Summ           0%         N/A       100%        8


Dungeon Overview and Level Annotations

Branches:
Dungeon (15/15)            Temple (1/1) D:6            Lair (6/6) D:11
 Shoals (4/4) Lair:3        Snake (0/4) Lair:3        Slime (0/5) Lair:6
    Orc (2/2) D:11            Elf (1/3) Orc:2        Vaults (0/5) D:14
 Depths (0/4) D:15        Ossuary (visited)           IceCv (visited)
Volcano (visited)

Altars:
Ashenzari
Cheibriados
Dithmenos
Elyvilon
Fedhas
Gozag
Hepliaklqana
Kikubaaqudgha
Makhleb
Nemelex Xobeh
Okawaru
Qazlal
Ru
Sif Muna
Trog
Uskayaw
Vehumet
Wu Jian
Xom
Yredelemnul
Zin
The Shining One
Beogh
Jiyva

Shops:
D:4 !([=:   D:5 ?   Orc:1 *   Orc:2 *=!*

Annotations:
D:5 up
D:8 exclusions: door and upstairs
Abyss:1 Saint Roka; Urug


Innate Abilities, Weirdness & Mutations

You have a pair of horns on your head.
You reflexively headbutt those who attack you in melee.
You are dopey. (Int -2)
You are somewhat resistant to further mutation.


Message History

Unknown command.
Okay, then.
Unknown command.
Okay, then.
Okay, then.
Unknown command.
Okay, then.
Unknown command.
You feel much better.
The satyr shoots an arrow.
The arrow hits you!
* * * LOW HITPOINT WARNING * * *
Press: ? - help, v - describe, . - travel
Here: a faun, wielding a +4 hunting sling of freezing and quivering sling bullets (almost dead, strong)
The floor.
Unknown command.
Unknown command.
Okay, then.
Unknown command.
As you read the scroll of fear, it crumbles to dust.
You assume a fearsome visage.
The satyr looks frightened! x2
The faun looks frightened!
You are no longer terrified.
The satyr no longer looks unusually strong.
The satyr shoots a sling bullet.
The sling bullet hits you!!
* * * LOW HITPOINT WARNING * * *
Okay, then.
Unknown command.
Unknown command.
Okay, then.
Press: ? - help, Shift-Dir - straight line, f - satyr
Aim: a satyr, wielding a +0 fustibalus and quivering sling bullets (chance to affect: 75%)
The satyr is devoured by a tear in reality.
Lugonu claims a new guest.
The faun gestures at you while chanting.
You resist with almost no effort.
The satyr almost stumbles in trying to escape.
The satyr seems to regain its courage.
The satyr plays a lulling melody on his pipes!
You easily resist.
The satyr shoots an arrow.
The arrow hits you!!
You die...

...#≈.....##....'≈...
...^.......##.≈..#≈...
#......≈...##..≈[#≈.P. ##..
....##.....#.....#≈...
...≈##...###..####...#.≈...
..............c##...#.≈≈≈.
######.E.#######...##...##≈≈≈≈≈
#.≈..#.#...# ##...##...##≈≈≈≈≈≈
....c..##..###@.≈†#...##≈≈≈≈≈≈≈
......§.'..#....##))≈.#≈≈≈≈≈≈≈≈
...≈...##≈...###...#.#≈≈≈≈≈≈≈≈≈
#.c...##.....##≈≈≈≈≈≈≈≈≈≈≈
..##..†###....##≈≈≈≈≈≈≈≈≈≈≈≈≈
#.........###≈≈≈≈≈≈≈≈≈≈≈≈≈≈≈
####....#.#≈≈≈≈≈≈≈≈≈≈≈≈≈≈≈≈≈
##...#≈≈≈≈≈≈≈≈≈≈≈≈≈≈≈≈≈≈≈
≈≈≈≈≈≈≈≈≈≈≈≈≈≈≈≈≈≈≈≈≈≈≈≈≈


You could see a satyr and a faun.

Vanquished Creatures
  Rupert (Orc:2)
  A tentacled monstrosity (Shoals:3)
  A sphinx (Shoals:4)
  Polyphemus (Shoals:3)
  A kraken (Shoals:3)
  Kirke (Elf:1)
  The ghost of Yamstis the Nimble, an adept GnMo of Makhleb (D:15)
  2 stone giants
  A merfolk javelineer (Shoals:2)
  5 merfolk impalers
  Josephine (Lair:6)
  A rakshasa (D:15)
  2 great orbs of eyes (Shoals:3)
  12 hydras
  A boulder beetle (D:13)
  8 vault guards (D:14)
  3 centaur warriors
  3 death knights
  4 catoblepae
  2 alligator snapping turtles
  A tengu warrior (D:13)
  3 satyrs
  2 merfolk avatars
  25 death yaks
  4 dancing weapons
  4 merfolk aquamancers
  5 two-headed ogres
  An orc high priest (Orc:1)
  4 deep elf knights (Elf:1)
  5 skeletal warriors
  Nergalle (D:12)
  7 sea snakes
  A flayed ghost (D:8)
  A wizard (D:14)
  2 deep elf archers (Elf:1)
  An orc knight (Orc:1)
  17 harpies
  A phantasmal warrior (D:15)
  14 deep elf pyromancers
  12 deep elf zephyrmancers
  12 manticores
  12 orc sorcerers
  15 ugly things
  8 cyclopes
  A shining eye (shapeshifter) (D:10)
  22 fauns
  8 merfolk sirens
  8 elephants
  A black mamba (shapeshifter) (D:14)
  5 black mambas
  An ice statue (IceCv)
  14 cane toads
  2 water nymphs
  The ghost of ytrimaz the Chopper, a novice FoFi of Ru (D:7)
  2 molten gargoyles (Volcano)
  7 rime drakes
  2 gargoyles
  3 efreet
  5 kobold demonologists
  8 komodo dragons
  2 unseen horrors
  A yaktaur (D:15)
  A freezing wraith (D:15)
  2 tengu conjurers (D:15)
  A queen bee (shapeshifter) (D:15)
  20 merfolk
  5 harpy zombies (Shoals:3)
  7 polar bears
  4 wind drakes
  4 trolls
  8 slime creatures
  A hornet (D:10)
  7 blink frogs (Lair:2)
  10 dream sheep
  7 snapping turtles
  A shadow (D:11)
  10 water elementals
  11 wraiths
  5 wyverns
  55 yaks
  A hog (shapeshifter) (D:15)
  11 basilisks
  3 vampires
  6 fire elementals
  16 fire bats
  A steam dragon (Lair:5)
  A vampire mosquito (D:10)
  A hog (Elf:1)
  5 wargs
  2 nagas (Lair:3)
  11 water moccasins
  3 acid dragons
  2 ice beasts (D:7)
  3 black bears
  A sky beast (D:4)
  16 orc warriors
  4 boggarts
  7 ogres
  A manticore zombie (Shoals:3)
  6 centaurs
  2 necrophages
  22 wolves
  A phantom (D:5)
  7 elf zombies (Ossuary)
  8 kobold brigands
  A gnoll sergeant (D:5)
  11 bullfrogs
  5 scorpions
  A wyvern zombie (D:5)
  2 earth elementals
  6 killer bees (D:10)
  2 electric eels
  2 howler monkeys
  7 centaur zombies
  6 lava snakes (Volcano)
  A hound (D:7)
  A human zombie (Ossuary)
  3 jellies
  15 orc priests
  2 gnoll shamans
  A bullfrog skeleton (D:6)
  A centaur skeleton (D:6)
  Jessica (D:2)
  36 orc wizards
  5 hell rats (Lair:4)
  A killer bee zombie (D:5)
  3 mummies (Ossuary)
  Robin (D:4)
  11 gnolls
  7 adders
  3 shadow imps
  3 white imps
  2 ufetubi (D:5)
  4 worms
  3 dart slugs
  77 orcs
  6 ball pythons
  60 bats
  3 endoplasms
  A giant cockroach (D:4)
  12 goblins
  8 hobgoblins
  4 jackals (D:1)
  3 quokkas
  3 frilled lizards
  42 kobolds
  8 kobold skeletons (D:9)
  10 kobold zombies (D:9)
  4 rats
  A tentacle (Shoals:3)
992 creatures vanquished.

Vanquished Creatures (others)
  A merfolk (Shoals:2)
  2 orc wizards (Orc:2)
  19 fungi
  94 plants
  5 tentacles (Shoals:3)
121 creatures vanquished.

Grand Total: 1113 creatures vanquished

Notes
Turn   | Place    | Note
-------+----------+-------------------------------------------
     0 | Abyss:1  | devnull the Minotaur Abyssal Knight began the quest for the
                  | Orb.
     0 | Abyss:1  | Reached XP level 1. HP: 19/19 MP: 1/1
    49 | Abyss:1  | Noticed a wretched star
    50 | Abyss:1  | Found a broken altar of Ashenzari.
    55 | Abyss:1  | Found a broken altar of Ashenzari.
    57 | Abyss:1  | Noticed a chaos spawn
    64 | D:1      | Escaped the Abyss
   291 | D:1      | Reached * piety under Lugonu
   292 | D:1      | Reached XP level 2. HP: 21/21 MP: 2/2
   786 | D:2      | Noticed Jessica
   802 | D:2      | Killed Jessica
   803 | D:2      | Reached XP level 3. HP: 20/27 MP: 3/3
  1048 | D:2      | Reached XP level 4. HP: 16/41 MP: 4/4
  1866 | D:3      | Reached skill level 5 in Fighting
  2048 | D:3      | Found a faded altar of an unknown god.
  2421 | D:3      | Reached XP level 5. HP: 48/48 MP: 5/5
  2518 | D:3      | Reached ** piety under Lugonu
  2719 | D:4      | Found Houmo's Weapon Emporium.
  2758 | D:4      | Found Forrumin's Distillery.
  2765 | D:4      | Bought a potion of haste for 100 gold pieces
  2776 | D:4      | Noticed an ogre
  2930 | D:4      | Found Vuneac's Jewellery Shop.
  2945 | D:4      | Noticed Robin
  2972 | D:4      | Killed Robin
  3260 | D:4      | Found Tiboc's Book Emporium.
  3341 | D:4      | Found Muger Vet's Armour Shop.
  3342 | D:4      | Noticed a sky beast
  3446 | D:4      | Noticed a black bear
  3453 | D:4      | Killed a black bear
  3454 | D:4      | Reached XP level 6. HP: 49/56 MP: 7/7
  3633 | D:4      | Killed a sky beast
  3819 | D:5      | Entered Level 5 of the Dungeon
  3836 | D:5      | Reached XP level 7. HP: 9/63 MP: 8/8
  4436 | D:5      | Found Tipaozer's Magic Scroll Shop.
  4461 | D:5      | Identified the +1 chain mail of Mezcal {-Tele Will+++ Str+7
                  | Dex+2}
  4630 | D:5      | Reached skill level 5 in Armour
  4630 | D:5      | Reached skill level 1 in Shields
  4758 | D:5      | Reached skill level 5 in Axes
  5109 | D:5      | Reached XP level 8. HP: 69/71 MP: 8/10
  5307 | D:5      | Reached *** piety under Lugonu
  5626 | D:5      | Bought a scroll of identify for 28 gold pieces
  5626 | D:5      | Bought a scroll of noise for 14 gold pieces
  5626 | D:5      | Bought a scroll of identify for 28 gold pieces
  6041 | D:6      | Noticed an eight-headed hydra
  6152 | D:6      | Found a staircase to the Ecumenical Temple.
  6264 | D:5      | Reached skill level 5 in Shields
  7223 | D:3      | Found a faded altar of an unknown god.
  7910 | D:4      | Found Vuneac's Jewellery Shop.
  7920 | D:4      | Found Tiboc's Book Emporium.
  8104 | D:4      | Found Forrumin's Distillery.
  8121 | D:4      | Found Houmo's Weapon Emporium.
  8255 | D:4      | Found Muger Vet's Armour Shop.
  9651 | D:6      | Killed a nine-headed hydra
  9652 | D:6      | Reached XP level 9. HP: 52/78 MP: 8/11
  9903 | Temple   | Entered the Ecumenical Temple
 10121 | D:7      | Reached **** piety under Lugonu
 10144 | D:7      | Found a snail-covered altar of Cheibriados.
 10518 | D:7      | Found a runed translucent door.
 10518 | D:7      | Noticed ytrimaz's ghost (novice FoFi)
 10518 | D:7      | Noticed a manticore
 10917 | D:8      | Found a broken altar of Ashenzari.
 10924 | D:8      | Found a runed translucent door.
 10924 | D:8      | Noticed a flayed ghost
 10934 | D:8      | Found a bloodstained altar of Trog.
 10950 | D:8      | Found a shadowy altar of Dithmenos.
 11035 | D:8      | Found a sand-covered staircase.
 11051 | Ossuary  | Entered an ossuary
 11144 | Ossuary  | Reached skill level 10 in Shields
 11200 | Ossuary  | Reached skill level 5 in Invocations
 11553 | D:8      | Reached XP level 10. HP: 88/88 MP: 11/13
 11743 | D:8      | Reached ***** piety under Lugonu
 11882 | D:8      | Found an iron altar of Okawaru.
 11909 | D:8      | Found a bloodstained altar of Trog.
 12120 | D:8      | Found a snail-covered altar of Cheibriados.
 12724 | D:9      | Noticed a two-headed ogre
 12732 | D:9      | Killed a two-headed ogre
 13142 | D:9      | Found a broken altar of Ashenzari.
 13193 | D:9      | Found a glowing golden altar of the Shining One.
 13284 | D:9      | Noticed a six-headed hydra
 13426 | D:4      | Bought a +1 war axe of flaming for 146 gold pieces
 14150 | D:9      | Reached XP level 11. HP: 85/97 MP: 15/15
 14160 | D:9      | Reached ****** piety under Lugonu
 14177 | D:9      | Found an ancient bone altar of Kikubaaqudgha.
 14403 | D:9      | Killed a one-headed hydra
 14540 | D:9      | Found a stormy altar of Qazlal.
 14684 | D:10     | Entered Level 10 of the Dungeon
 14686 | D:10     | Noticed a centaur warrior
 14686 | D:10     | Noticed a boulder beetle
 14724 | D:10     | Noticed an eight-headed hydra
 15085 | D:10     | Killed a centaur warrior
 15094 | D:10     | Noticed a two-headed ogre
 15315 | D:10     | Killed a two-headed ogre
 15372 | D:10     | Killed a one-headed hydra
 15455 | D:10     | Noticed a centaur warrior
 15646 | D:10     | Noticed a shining eye
 15660 | D:9      | Killed a centaur warrior
 15661 | D:9      | Reached skill level 10 in Fighting
 15859 | D:10     | Gained mutation: You are dopey. (Int -2) [a shining eye]
 15868 | D:10     | Gained mutation: Your body sometimes deteriorates upon
                  | taking damage. [a shining eye]
 15870 | D:10     | Gained mutation: Your spells are a little easier to cast,
                  | but a little less powerful. [a shining eye]
 15872 | D:10     | Killed a shining eye
 15873 | D:10     | Lost mutation: Your body sometimes deteriorates upon taking
                  | damage. [potion of mutation]
 15873 | D:10     | Lost mutation: Your spells are a little easier to cast, but
                  | a little less powerful. [potion of mutation]
 15873 | D:10     | Gained mutation: You are somewhat resistant to further
                  | mutation. [potion of mutation]
 17231 | D:10     | Banished a boulder beetle
 17232 | D:10     | Reached skill level 10 in Armour
 17471 | D:4      | Bought a +2 vorpal broad axe for 198 gold pieces
 17782 | D:11     | Reached skill level 10 in Axes
 17782 | D:11     | Reached XP level 12. HP: 100/108 MP: 17/17
 18141 | D:11     | Found a staircase to the Lair.
 18232 | D:11     | Found a staircase to the Orcish Mines.
 18426 | D:11     | Paralysed by a hornet for 1 turns
 18869 | D:11     | Noticed a two-headed ogre
 18878 | D:11     | Killed a two-headed ogre
 19384 | D:12     | Noticed Urug
 19384 | D:12     | Noticed Nergalle
 19389 | D:12     | Banished Urug
 19392 | D:12     | Killed Nergalle
 19569 | D:12     | Noticed a death knight
 19578 | D:12     | Noticed a seven-headed hydra
 19792 | D:11     | Killed a three-headed hydra
 20203 | Lair:1   | Entered Level 1 of the Lair of Beasts
 20253 | Lair:1   | Noticed a six-headed hydra
 20265 | Lair:1   | Killed a three-headed hydra
 20382 | Lair:1   | Noticed a four-headed hydra
 20395 | Lair:1   | Killed a one-headed hydra
 20584 | Lair:1   | Found a gate leading to a gauntlet.
 20917 | Lair:1   | Identified the +5 scimitar of the Dwarven Hall {flame, rN++
                  | Will+ Str+4 Dex-4}
 21499 | Lair:2   | Noticed a five-headed hydra
 21505 | Lair:2   | Killed a two-headed hydra
 21519 | Lair:2   | Reached XP level 13. HP: 87/118 MP: 19/19
 21942 | Lair:2   | Found a dark tunnel.
 21949 | Volcano  | Entered a volcano
 22775 | Volcano  | Found a bloodstained altar of Trog.
 22972 | Volcano  | Noticed a stone giant
 22979 | Volcano  | Killed a stone giant
 23708 | Lair:2   | Reached skill level 10 in Invocations
 24179 | Lair:2   | Identified the +5 chain mail of a bailey {Fly Int-5 Slay+3}
 24270 | Lair:2   | Identified the +1 robe "Toejik" {Stlth+}
 24314 | Lair:3   | Found a staircase to the Snake Pit.
 24791 | Lair:3   | Found a staircase to the Shoals.
 27296 | Lair:4   | Identified a scroll of acquirement
 27297 | Lair:4   | Acquired 583 gold pieces
 27590 | D:4      | Bought a potion of might for 40 gold pieces
 27590 | D:4      | Bought a potion of magic for 80 gold pieces
 27590 | D:4      | Bought a potion of resistance for 100 gold pieces
 27632 | D:4      | Bought an amulet of regeneration for 390 gold pieces
 27632 | D:4      | Bought a ring of see invisible for 195 gold pieces
 28197 | Lair:5   | You fall into a shaft and drop 1 floor!
 28197 | Lair:6   | Entered Level 6 of the Lair of Beasts
 28203 | Lair:6   | Reached XP level 14. HP: 129/129 MP: 20/20
 28215 | Lair:6   | Reached skill level 15 in Shields
 28696 | Lair:6   | Noticed Josephine
 28715 | Lair:6   | Killed Josephine
 28716 | Lair:6   | Reached skill level 5 in Dodging
 28716 | Lair:6   | Reached skill level 1 in Stealth
 29109 | Lair:6   | Identified the ring of Voagutodd {rC+ Int+6 SInv}
 29124 | Lair:6   | Upgraded the game from 0.28-a0-872-g80cf8599ee to
                  | 0.28-a0-883-gc8d7bad45d
 29273 | Lair:6   | Found a staircase to the Slime Pits.
 29273 | Lair:6   | Found a viscous altar of Jiyva.
 29968 | Orc:1    | Entered Level 1 of the Orcish Mines
 30298 | Orc:2    | Entered Level 2 of the Orcish Mines
 30402 | Orc:2    | Noticed Saint Roka
 30483 | Orc:1    | Banished Saint Roka
 30577 | Orc:2    | Noticed Rupert
 30637 | Orc:2    | Killed Rupert
 30860 | Orc:1    | Reached XP level 15. HP: 130/135 MP: 21/21
 31065 | Orc:2    | Found a staircase to the Elven Halls.
 31280 | Orc:2    | Found Ewkechaima's Jewellery Shop.
 31280 | Orc:2    | Found Qosifem's General Store.
 31297 | Orc:2    | Bought a potion of curing for 33 gold pieces
 31297 | Orc:2    | Bought a scroll of fear for 38 gold pieces
 31410 | Orc:2    | Found Plog's General Store.
 31410 | Orc:2    | Found Rugef's Distillery.
 31671 | Orc:1    | Found Wobeh's General Store.
 31808 | Elf:1    | Entered Level 1 of the Elven Halls
 32253 | Elf:1    | Reached skill level 15 in Fighting
 32586 | Elf:1    | Noticed Kirke
 32597 | Elf:1    | Killed Kirke
 33040 | Elf:1    | HP: 4/141 [+1 dire flail of venom (9)]
 33136 | Elf:1    | Upgraded the game from 0.28-a0-883-gc8d7bad45d to
                  | 0.28-a0-906-g0406aca7d3
 33334 | D:12     | Reached skill level 5 in Stealth
 33678 | D:13     | Found the +3 salamander hide armour {Flames rF++ rC--}
 33747 | D:13     | Reached skill level 10 in Dodging
 33797 | D:13     | Found a frozen archway.
 33812 | D:13     | Reached skill level 15 in Armour
 33875 | IceCv    | Entered an ice cave
 33913 | IceCv    | Reached skill level 15 in Axes
 34150 | IceCv    | Noticed a frost giant
 34180 | IceCv    | Banished a frost giant
 34299 | IceCv    | Found the +8 frozen axe "Frostbite" {freezing cloud, *Noise
                  | Fly rC+}
 34704 | D:13     | Reached XP level 16. HP: 134/150 MP: 22/22
 35574 | D:12     | Identified the +1 chain mail of Quiet Fog {Harm rElec rPois
                  | Will- Str+3}
 35671 | D:14     | Found a gate to the Vaults.
 35799 | D:14     | Found a hazy altar of Hepliaklqana.
 36296 | D:15     | Entered Level 15 of the Dungeon
 36311 | D:15     | Found a staircase to the Depths.
 36568 | D:15     | Found a bloodstained altar of Trog.
 36576 | D:15     | Found a runed translucent gate.
 36576 | D:15     | Found a runed translucent gate.
 36576 | D:15     | Found a runed translucent gate.
 36696 | D:15     | Reached XP level 17. HP: 160/160 MP: 23/23
 36697 | D:15     | Reached XP level 18. HP: 169/169 MP: 24/24
 36769 | D:15     | Noticed Yamstis's ghost (adept GnMo)
 37136 | D:15     | Killed Yamstis's ghost
 37387 | D:7      | Killed ytrimaz's ghost
 37470 | D:8      | Identified the +1 robe "Kuketus" {Int+8 Dex-4 Stlth+}
 37807 | Orc:2    | Bought a ring of poison resistance for 260 gold pieces
 37988 | Shoals:1 | Entered Level 1 of the Shoals
 38946 | Shoals:2 | Reached skill level 1 in Crossbows
 39334 | Shoals:2 | Reached skill level 5 in Crossbows
 39852 | Shoals:2 | Reached XP level 19. HP: 91/177 MP: 26/26
 40616 | Shoals:3 | Noticed Polyphemus
 40770 | Shoals:2 | Reached skill level 10 in Crossbows
 40970 | Shoals:3 | Killed Polyphemus
 41050 | Shoals:3 | Got the Catalogue of Mad Ravings
 41052 | Shoals:3 | Identified the ring "Nodiladgh" {Ice +Blink Int+3}
 41449 | Shoals:3 | Acquired the +8 mithril axe "Arga" {speed, Will+}
 41449 | Shoals:3 | Found the +8 mithril axe "Arga" {speed, Will+}
 41628 | Shoals:4 | Entered Level 4 of the Shoals
 42163 | Shoals:4 | HP: 3/177 [faun/sling bullet (21)]
 42163 | Shoals:4 | HP: 1/177 [faun/sling bullet (2)]
 42174 | Shoals:4 | Shot with an arrow by a satyr

Illustrated notes

Levels and vault maps discovered:
D:1:      dpeg_arrival_rooms_a, layout_rooms
D:2:      layout_loops_cross, uniq_jessica
D:3:      layout_loops_ring, serial_glass, glass_columns_b, glass_columns_c,
          dreamdust_ecumenical_altar_hidden_monk_grotto
D:4:      black_bear_nest_2, layout_basic, serial_shops, nicolae_shop_crystal,
          nicolae_take_the_stairs, nicolae_shop_temple_entry_statues_fountains,
          shop, nicolae_square_shop, uniq_robin
D:5:      layout_basic, serial_corexii_hall, corexii_hall_statues_x,
          corexii_hall_statues_i, chequers_hall_statues_y,
          chequers_hall_statues_y, serial_shops, nicolae_shop_behind_doors
D:6:      layout_loops_ring, minmay_temple_entry_drinking_statues,
          grunt_ministairs_7, kennysheep_big_empty_room, minmay_misc_feat_square
D:7:      layout_loops_ring, cheibrodos_worm_habitat, ebering_ghost_inner_flame,
          dk_noncrumbling_2
D:8:      due_megacathedral, layout_rooms, nicolae_ossuary_entry_monument
D:9:      wander_kiku_kobolds, layout_loops_ring, kennysheep_little_box,
          mainiacjoe_overflow_alcove_1, mainiacjoe_overflow_brackets
D:10:     layout_irregular_city, minivault_28
D:11:     layout_basic, david_lair_shrubbed, orc_0_dummy, minmay_circle_x
D:12:     layout_irregular_city, uniq_urug, uniq_nergalle, uniq_psyche
D:13:     layout_basic, portal_ice_cave_entry_pillars_1
D:14:     layout_roguey, erik_vaults_2, nicolae_hepliaklqana_hazy_memory
D:15:     grunt_enter_depths_giant_problem, layout_basic,
          chequers_serial_rivers_large_b, ebering_ghost_rock_garden,
          minivault_14, trog_three_pillars_becter
Temple:   nicolae_temple_no_exploring_needed
Lair:1:   layout_cave_pods, gauntlet_entry_generic
Lair:2:   layout_hall_layers, nicolae_volcano_entry_two_sided
Lair:3:   layout_hall_layers, minmay_shoals_entry_beasts,
          guppyfry_snake_entry_island
Lair:4:   layout_regular_city, grunt_megastairs_3
Lair:5:   layout_big_grid, gammafunk_ghost_necromancy, basic_altar,
          serial_bayou_pond_e, bobbens_dragon_lair_wall
Lair:6:   evilmike_catoblepas_cave, layout_small_grid, slime_altar_1,
          serial_bayou_shore_a, uniq_josephine
Shoals:1: layout_shoals
Shoals:2: layout_shoals, nicolae_shoals_hidden_pirate_stash
Shoals:3: dreamdust_from_the_deep, layout_shoals, abandoned_shop,
          nicolae_shoals_undead_eyrie, uniq_polyphemus
Shoals:4: shoals_end_hellmonk_lost_city, uniq_aizul
Orc:1:    layout_caves, serial_shops, shop
Orc:2:    st_orc_town, layout_caves, uniq_saint_roka, uniq_rupert
Elf:1:    elf_arrival_002, layout_loops_corners, minmay_elf_crystal_hexagon,
          uniq_kirke

Skill      XL: |  1  2  3  4  5  6  7  8  9 10 11 12 13 14 15 16 17 18 19 |
---------------+----------------------------------------------------------+-----
Invocations    | 2 3 4 5 6 8 9 10 | 10.8
Fighting       | 4 5 6 7 9 10 12 13 14 15 16 17 | 17.5
Axes           | 3 4 5 6 8 10 11 12 14 15 16 17 | 17.0
Armour         | 3 4 5 6 8 10 11 13 14 15 16 17 | 17.3
Dodging        | 2 3 4 7 10 | 10.0
Shields        | 2 9 10 11 12 13 14 15 | 15.0
Stealth        | 3 6 7 |  7.5
Crossbows      | 7 12 | 12.2

Action                   |  1- 3 |  4- 6 |  7- 9 | 10-12 | 13-15 | 16-18 | 19-21 || total
-------------------------+-------+-------+-------+-------+-------+-------+-------++-------
Melee: Hand axe          |    67 |   181 |   349 |   185 |       |       |       ||   782
       Headbutt          |     6 |    27 |   132 |   185 |   354 |    90 |    60 ||   854
       War axe           |       |       |       |   124 |       |       |       ||   124
       Battleaxe         |       |       |       |    93 |       |       |       ||    93
       Broad axe         |       |       |       |   176 |  1040 |    20 |    23 ||  1259
       Executioner's axe |       |       |       |       |     5 |   286 |   146 ||   437
Throw: Dart              |       |     4 |       |     6 |     8 |       |       ||    18
       Boomerang         |       |       |     5 |       |     5 |       |       ||    10
Invok: Depart the Abyss  |     1 |       |       |       |       |       |       ||     1
       Bend Space        |       |       |     4 |     3 |     9 |     1 |       ||    17
       Banish            |       |       |       |     3 |     8 |       |     4 ||    15
Evoke: Wand              |       |       |     6 |     2 |       |       |       ||     8
  Use: Scroll            |     1 |     6 |     8 |     2 |     6 |     2 |     2 ||    27
       Potion            |       |       |     2 |     3 |     3 |     2 |     3 ||    13
 Stab: Petrified         |       |       |       |       |     1 |       |       ||     1
       Sleeping          |       |       |       |       |       |     1 |       ||     1
Armor: Leather armour    |     6 |       |       |       |       |       |       ||     6
       Chain mail        |    27 |    15 |   139 |   272 |   278 |   129 |   105 ||   965
       Plate armour      |       |   137 |     6 |       |       |       |       ||   143
Dodge: Dodged            |    45 |    65 |    97 |   293 |   399 |   208 |   182 ||  1289
Block: Kite shield       |       |       |   184 |   376 |   634 |    17 |    33 ||  1244

Table legend: (Time is in decaauts)
 A = Elapsed time spent in this place.
 B = Non-inter-level travel time spent in this place.
 C = Inter-level travel time spent in this place.
 D = Time resting spent in this place.
 E = Time spent auto-exploring this place.
 F = Levels seen in this place.
 G = Mean time per level.
                   A        B        C        D        E       F      G
               +--------+--------+--------+--------+--------+-----+--------+
         Total |  42452 |  38572 |   3880 |   6849 |  23716 |  33 | 1286.4 |
       Dungeon |  24343 |  21448 |   2895 |   3673 |  13802 |  15 | 1622.9 |
        Temple |      1 |      1 |      0 |      0 |      0 |   1 |    1.0 |
          Lair |   7900 |   7353 |    547 |   1036 |   5127 |   6 | 1316.7 |
        Shoals |   4198 |   4103 |     95 |   1063 |   2057 |   4 | 1049.5 |
  Orcish Mines |   2048 |   1758 |    290 |    138 |   1014 |   2 | 1024.0 |
   Elven Halls |   1265 |   1214 |     51 |    156 |    691 |   1 | 1265.0 |
         Abyss |     64 |     64 |      0 |      0 |     21 |   1 |   64.0 |
       Ossuary |    360 |    360 |      0 |     58 |    125 |   1 |  360.0 |
      Ice Cave |    787 |    787 |      0 |    126 |    371 |   1 |  787.0 |
       Volcano |   1482 |   1482 |      0 |    598 |    508 |   1 | 1482.0 |
               +--------+--------+--------+--------+--------+-----+--------+

Top non-repeatable levels by time:
     D:5: 2411 daAuts
     D:9: 2403 daAuts
     D:8: 2339 daAuts
     D:3: 2224 daAuts
    D:11: 2216 daAuts
  Lair:2: 2158 daAuts
    D:10: 1995 daAuts
     D:4: 1847 daAuts
     D:6: 1632 daAuts
  Lair:6: 1632 daAuts
  Lair:3: 1535 daAuts
     D:2: 1493 daAuts
 Volcano: 1482 daAuts
   Orc:2: 1430 daAuts
Shoals:3: 1400 daAuts
